Map: Dusk Towers

Players

KoyoT - Winner!

  • Race: Terran Terran

zamzx

  • Race: Zerg Zerg
  • League: Master

Event: Gauntlet LotV Series 1 Qualifier 1

VOD

Have the link to the VOD?

Description

Time

  • Played on: Nov. 22, 2015, 4:14 p.m.
  • Length: 11:31

All games in this series

Show
View Real Time Build Order
Export as new Build Order

KoyoT Terran - Winner!

Build Orders:  

Get SALT Encoding   

  12  0:01  SCV  
  13  0:15  Supply Depot  
  13  0:19  SCV  
  14  0:31  SCV  
  15  0:45  Barracks  
  15  0:52  Barracks  
  15  0:57  SCV  
  16  1:09  SCV  
  17  1:17  Supply Depot  
  17  1:21  SCV  
  18  1:32  Marine  
  18  1:34  Orbital Command  
  18  1:39  Marine  
  20  1:46  Bunker  
  20  1:50  Marine  
  20  1:53  Bunker  
  21  1:56  Marine  
  22  2:03  SCV  
  22  2:08  Marine  
  23  2:13  Bunker  
  23  2:14  Marine  
  25  2:17  SCV  
  26  2:26  Marine  
  26  2:27  Supply Depot  
  27  2:32  Marine  
  28  2:37  SCV  
  28  2:44  Marine  
  29  2:50  Marine  
  31  3:01  Marine  
  32  3:08  Marine  
  33  3:19  Marine  
  34  3:25  Command Center  
  34  3:26  Marine  
  35  3:27  SCV  
  36  3:37  Marine  
  36  3:40  SCV  
  38  3:44  Marine  
  39  4:09  Command Center  
  39  4:14  Supply Depot  
  39  4:30  SCV  
  39  4:39  Refinery, Orbital Command  
  39  4:40  Refinery  
  39  4:42  Command Center, SCV  
  39  4:45  Supply Depot  
  40  4:49  Bunker  
  40  5:06  SCV  
  40  5:28  SCV  
  37  5:33  SCV, Orbital Command  
  38  5:40  SCV  
  37  5:46  Barracks x2  
  37  5:47  Barracks  
  37  5:51  SCV  
  36  5:57  Orbital Command  
  36  5:59  Barracks Reactor, Barracks Tech Lab  
  36  6:02  SCV  
  36  6:03  SCV, Factory  
  35  6:09  SCV  
  32  6:15  SCV x2, Refinery  
  32  6:16  Refinery  
  34  6:19  Supply Depot  
  34  6:21  SCV  
  34  6:24  Engineering Bay  
  35  6:25  Engineering Bay  
  35  6:29  Marine  
  36  6:34  Marine x2  
  36  6:39  Marine x3  
  25  6:47  Marine  
  25  6:51  SCV  
  25  6:52  Marine x2  
  24  6:57  SCV, Marine x3  
  24  6:59  SCV  
  27  7:03  SCV  
  27  7:07  SCV  
  29  7:14  SCV x2  
  31  7:20  Factory Reactor  
  31  7:22  Starport  
  31  7:25  SCV x2  
  31  7:27  SCV  
  35  7:30  SCV  
  35  7:36  Marine x2  
  35  7:37  SCV, Marine x2  
  36  7:42  Stimpack  
  40  7:45  SCV  
  40  7:48  SCV  
  43  7:51  SCV  
  43  7:52  SCV, Marine  
  43  7:53  Marine  
  43  7:57  SCV  
  47  8:00  SCV  
  47  8:03  SCV  
  49  8:11  Marine x3  
  52  8:17  SCV x3  
  52  8:18  SCV  
  56  8:21  Medivac x2  
  56  8:22  Factory Reactor  
  60  8:29  SCV x2  
  60  8:30  Orbital Command  
  62  8:35  SCV  
  62  8:36  Missile Turret  
  63  8:42  Bunker, Marine x4  
  63  8:43  Marine x2  
  69  8:50  SCV  
  70  8:57  SCV x3  
  70  8:59  Marine x2  
  70  9:00  Marine x2  
  70  9:02  Terran Infantry Weapons Level 1, Terran Infantry Armor Level 1, SCV  
  77  9:07  Medivac x2  
  82  9:17  SCV x4  
  86  9:26  Supply Depot  
  86  9:29  SCV x3, Marine x2  
  86  9:30  Barracks Reactor  
  92  9:32  Barracks Reactor x2  
  92  9:34  Missile Turret  
  92  9:36  SCV  
  92  9:37  Missile Turret  
  92  9:39  Widow Mine  
  92  9:40  Widow Mine  
  92  9:41  SCV x3  
  92  9:43  Combat Shields  
  99  9:48  SCV  
  99  9:49  Supply Depot  
  99  9:52  Supply Depot x2  
  100  9:53  SCV  
  100  9:54  Marine x2  
  100  9:55  Marine  
  104  10:03  Medivac x2  
  108  10:12  Marine x3  
  110  10:14  Marine x2  
  110  10:18  Marine x4  
  116  10:26  Widow Mine x2  
  118  10:30  Marine x2  
  118  10:31  Marauder  
  118  10:32  SCV x3, Marine x2  
  118  10:33  Medivac x2  
  118  10:34  Supply Depot, Armory  
  131  10:35  Supply Depot, Marine  
  131  10:39  Marine x3  
  131  10:41  SCV  
  129  10:48  Marine  
  129  10:49  Marine x2  
  127  10:50  Marine  
  127  10:52  Marauder  
  127  10:53  Marine  
  127  10:55  Widow Mine x2  
  127  10:57  Marine  
  136  10:58  SCV x2  
  136  10:59  Supply Depot  
  136  11:01  Bunker  
  139  11:04  Supply Depot x2  
  139  11:05  Supply Depot  
  139  11:06  SCV  
  139  11:07  SCV  
  139  11:10  SCV  
Show
View Real Time Build Order
Export as new Build Order

zamzx Zerg 

Build Orders: Hatch First 

Get SALT Encoding   

  12  0:01  Drone  
  13  0:12  Overlord  
  13  0:19  Drone  
  14  0:31  Drone  
  14  0:32  Drone  
  14  0:35  Drone  
  17  0:53  Hatchery  
  17  0:56  Drone  
  17  1:02  Drone  
  17  1:04  Extractor  
  17  1:15  Spawning Pool  
  17  1:18  Drone  
  17  1:21  Drone  
  18  1:29  Drone  
  19  1:41  Drone  
  20  1:49  Overlord  
  20  2:01  Queen  
  20  2:06  Queen  
  24  2:09  Zergling x2  
  24  2:10  Zergling x2  
  24  2:14  Drone  
  27  2:26  Spine Crawler  
  26  2:33  Metabolic Boost  
  26  2:38  Extractor  
  26  2:39  Zergling x6  
  28  2:50  Zergling x2  
  27  2:54  Zergling x2  
  27  3:01  Zergling x6  
  28  3:07  Zergling x2  
  27  3:23  Zergling x6  
  27  3:25  Zergling x2  
  27  3:47  Spine Crawler  
  26  3:49  Drone x2  
  26  3:50  Spine Crawler  
  27  3:57  Zergling x4  
  27  4:02  Zergling x2  
  24  4:05  Drone  
  25  4:10  Zergling x2  
  26  4:17  Zergling x2  
  26  4:33  Queen  
  27  4:49  Overlord x2  
  27  5:07  Drone x2  
  29  5:14  Drone x3  
  29  5:15  Drone  
  29  5:16  Zergling x6  
  35  5:22  Zergling x2  
  32  5:31  Zergling x4  
  32  5:35  Zergling x6  
  37  5:38  Zergling x2  
  38  5:43  Zergling x2  
  38  5:46  Drone  
  38  5:57  Drone  
  38  5:58  Roach Warren  
  38  6:00  Drone  
  37  6:05  Drone  
  38  6:12  Drone x3  
  38  6:17  Drone  
  42  6:22  Evolution Chamber  
  42  6:23  Drone  
  42  6:28  Drone  
  43  6:35  Zergling x2  
  43  6:36  Zergling x2  
  43  6:42  Zergling x2  
  43  6:49  Zergling x2  
  42  6:55  Zergling x6  
  42  6:56  Zergling x2  
  42  6:57  Zergling x2  
  44  7:09  Zerg Ground Armor Level 1, Extractor  
  44  7:12  Evolution Chamber  
  44  7:14  Hatchery  
  44  7:15  Drone x3  
  44  7:26  Overlord  
  44  7:27  Evolution Chamber, Overlord  
  43  7:38  Zerg Melee Weapons Level 1  
  43  7:40  Drone  
  43  7:41  Overlord  
  44  7:47  Lair  
  44  7:52  Drone x2  
  44  7:53  Drone  
  44  7:56  Drone  
  48  8:03  Drone x2  
  48  8:04  Drone  
  51  8:08  Overlord  
  51  8:11  Drone  
  51  8:12  Drone  
  49  8:13  Drone  
  50  8:20  Baneling Nest  
  50  8:23  Drone x3  
  52  8:27  Drone x2  
  52  8:29  Drone  
  52  8:31  Drone  
  52  8:32  Drone  
  57  8:37  Drone  
  57  8:40  Overlord, Extractor  
  57  8:41  Extractor  
  56  8:45  Queen  
  57  8:57  Overlord x2  
  57  9:01  Drone x3, Spire  
  59  9:05  Centrifical Hooks  
  59  9:11  Drone x3  
  59  9:15  Queen  
  65  9:17  Drone  
  65  9:24  Drone  
  65  9:25  Drone x4  
  70  9:39  Drone x3  
  70  9:40  Drone  
  74  9:47  Drone x5  
  74  9:52  Overlord  
  79  9:56  Overlord  
  78  10:02  Overlord  
  76  10:11  Zergling x8  
  72  10:15  Mutalisk  
  72  10:16  Mutalisk x3  
  72  10:17  Mutalisk  
  75  10:24  Zergling x6  
  75  10:26  Zergling x2  
  75  10:27  Zergling x2  
  76  10:57  Drone x2  
  76  10:58  Drone x4  
  76  11:04  Overlord x2  
  82  11:07  Hatchery, Overlord x2  
  78  11:13  Overlord x3  
Tags
 
Add a new tag
Caveats
  • Supply blocks, unpowered buildings, or Contaminate may cause inaccurate times.
  • Supply counts are checked every 10 seconds.